3R
OGALLALA OCTOPI @ NORTHWEST TERRITORY BEAVERS
08/12/2041
 
TOP OF THE 1ST
Ogallala Octopi batting - Pitching for Northwest Territory Beavers : RHP Rob Bates
Pitching: RHP Rob Bates
Batting: LHB Jamie Padgett 0-0: Foul Ball, location: 2F
0-1: Foul Ball, location: 2F
0-2: Ball
1-2: Strikes out swinging
Batting: RHB Joong Chuang 0-0: Ball
1-0: Fly out, F4 (Popup, 4, EV 78.1 MPH)
Batting: LHB Derrek Guthrie 0-0: Ball
1-0: Swinging Strike
1-1: Foul Ball, location: 2F
1-2: Strikes out swinging
Top of the 1st over - 0 runs, 0 hits, 0 errors, 0 left on base; Ogallala 0 - Northwest Territory 0
BOTTOM OF THE 1ST
Northwest Territory Beavers batting - Pitching for Ogallala Octopi : RHP Carlos Piñeiro
Pitching: RHP Carlos Piñeiro
Batting: RHB Art Hensley 0-0: Ball
1-0: Foul Ball, location: 2F
1-1: Foul Ball, location: 2F
1-2: Ball
2-2: Foul Ball, location: 2F
2-2: Ball
3-2: Foul Ball, location: 2F
3-2: Foul Ball, location: 2F
3-2: Strikes out swinging
Batting: RHB Rich Kelley 0-0: Ball
1-0: Foul Ball, location: 2F
1-1: Fly out, F9 (Flyball, 9S, EV 90.6 MPH)
Batting: RHB Bang-xao Li 0-0: Foul Ball, location: 2F
0-1: Called Strike
0-2: Ball
1-2: Fly out, F8 (Line Drive, 8LM, EV 89.4 MPH)
Bottom of the 1st over - 0 runs, 0 hits, 0 errors, 0 left on base; Ogallala 0 - Northwest Territory 0
TOP OF THE 2ND
Ogallala Octopi batting - Pitching for Northwest Territory Beavers : RHP Rob Bates
Batting: RHB Martin Mullinger 0-0: Swinging Strike
0-1: Swinging Strike
0-2: Foul Ball, location: 2F
0-2: Strikes out swinging
Batting: RHB Roy Berriman 0-0: Foul Ball, location: 2F
0-1: Ball
1-1: Ball
2-1: Foul Ball, location: 2F
2-2: Strikes out swinging
Batting: RHB Sonny Day 0-0: Ball
1-0: Called Strike
1-1: Ball
2-1: Fly out, F9 (Flyball, 89S, EV 81.2 MPH)
Top of the 2nd over - 0 runs, 0 hits, 0 errors, 0 left on base; Ogallala 0 - Northwest Territory 0
BOTTOM OF THE 2ND
Northwest Territory Beavers batting - Pitching for Ogallala Octopi : RHP Carlos Piñeiro
Batting: LHB Fernan Espinoza 0-0: Ball
1-0: Foul Ball, location: 2F
1-1: Ground out 4-3 (Groundball, 4, EV 103.8 MPH)
Batting: RHB Bartolo Cortéz 0-0: Foul Ball, location: 2F
0-1: Ball
1-1: Foul Ball, location: 2F
1-2: Ground out 6-3 (Groundball, 6, EV 107.5 MPH)
Batting: RHB Jeffrey Turner 0-0: Ball
1-0: Swinging Strike
1-1: Ball
2-1: Ground out 5-3 (Groundball, 56, EV 90.6 MPH)
Bottom of the 2nd over - 0 runs, 0 hits, 0 errors, 0 left on base; Ogallala 0 - Northwest Territory 0
TOP OF THE 3RD
Ogallala Octopi batting - Pitching for Northwest Territory Beavers : RHP Rob Bates
Batting: SHB Lyonya Wanyushin 0-0: Called Strike
0-1: Ball
1-1: Swinging Strike
1-2: Ball
2-2: Strikes out looking
Batting: RHB Bill Uttley 0-0: Swinging Strike
0-1: Foul Ball, location: 2F
0-2: Ball
1-2: Strikes out swinging
Batting: RHB Jim Kelley 0-0: Called Strike
0-1: Swinging Strike
0-2: Foul Ball, location: 2F
0-2: Ball
1-2: Strikes out swinging
Top of the 3rd over - 0 runs, 0 hits, 0 errors, 0 left on base; Ogallala 0 - Northwest Territory 0
BOTTOM OF THE 3RD
Northwest Territory Beavers batting - Pitching for Ogallala Octopi : RHP Carlos Piñeiro
Batting: RHB Rodrigo Martínez 0-0: Ball
1-0: Called Strike
1-1: Ground out 6-3 (Groundball, 6, EV 88.1 MPH)
Batting: RHB John Warren 0-0: Ball
1-0: Called Strike
1-1: Swinging Strike
1-2: Ball
2-2: Foul Ball, location: 2F
2-2: Foul Ball, location: 2F
2-2: Strikes out swinging
Batting: LHB Enrico Flores 0-0: Ball
1-0: Ball
2-0: Ball
3-0: Called Strike
3-1: Base on Balls
Batting: RHB Art Hensley 0-0: Fly out, F2 (Popup, 13S, EV 83.8 MPH)
Bottom of the 3rd over - 0 runs, 0 hits, 0 errors, 1 left on base; Ogallala 0 - Northwest Territory 0
TOP OF THE 4TH
Ogallala Octopi batting - Pitching for Northwest Territory Beavers : RHP Rob Bates
Batting: LHB Jamie Padgett 0-0: DOUBLE (Groundball, 3L, EV 105.6 MPH)
Batting: RHB Joong Chuang 0-0: Called Strike
0-1: Ball
1-1: Ball
2-1: Ground out 1-3 (Groundball, P, EV 86.2 MPH)
Jamie Padgett to third
Batting: LHB Derrek Guthrie 0-0: Foul Ball, location: 2F
0-1: Swinging Strike
0-2: Strikes out swinging
Batting: RHB Martin Mullinger 0-0: Called Strike
0-1: Called Strike
0-2: Strikes out swinging
Top of the 4th over - 0 runs, 1 hit, 0 errors, 1 left on base; Ogallala 0 - Northwest Territory 0
BOTTOM OF THE 4TH
Northwest Territory Beavers batting - Pitching for Ogallala Octopi : RHP Carlos Piñeiro
Batting: RHB Rich Kelley 0-0: Called Strike
0-1: Ball
1-1: Swinging Strike
1-2: Foul Ball, location: 2F
1-2: Foul Ball, location: 2F
1-2: Strikes out swinging
Batting: RHB Bang-xao Li 0-0: Foul Ball, location: 2F
0-1: Ball
1-1: Ground out 6-3 (Groundball, 6, EV 82.5 MPH)
Batting: LHB Fernan Espinoza 0-0: Called Strike
0-1: Foul Ball, location: 2F
0-2: Ball
1-2: Ball
2-2: Ground out 6-3 (Groundball, 56, EV 84.4 MPH)
Bottom of the 4th over - 0 runs, 0 hits, 0 errors, 0 left on base; Ogallala 0 - Northwest Territory 0
TOP OF THE 5TH
Ogallala Octopi batting - Pitching for Northwest Territory Beavers : RHP Rob Bates
Batting: RHB Roy Berriman 0-0: Fly out, F7 (Flyball, 78S, EV 74.4 MPH)
Batting: RHB Sonny Day 0-0: Ball
1-0: Foul Ball, location: 2F
1-1: Called Strike
1-2: Strikes out looking
Batting: SHB Lyonya Wanyushin 0-0: Called Strike
0-1: Ball
1-1: Called Strike
1-2: Foul Ball, location: 2F
1-2: Fly out, F5 (Popup, 6S, EV 73.1 MPH)
Top of the 5th over - 0 runs, 0 hits, 0 errors, 0 left on base; Ogallala 0 - Northwest Territory 0
BOTTOM OF THE 5TH
Northwest Territory Beavers batting - Pitching for Ogallala Octopi : RHP Carlos Piñeiro
Batting: RHB Bartolo Cortéz 0-0: Ball
1-0: Called Strike
1-1: Ball
2-1: Foul Ball, location: 2F
2-2: Foul Ball, location: 2F
2-2: Ground out 6-3 (Groundball, 56, EV 77.5 MPH)
Batting: RHB Jeffrey Turner 0-0: SINGLE (Groundball, 56D, EV 105.6 MPH)
Batting: RHB Rodrigo Martínez 0-0: Called Strike
0-1: Called Strike
0-2: Foul Ball, location: 2F
0-2: Foul Ball, location: 2F
0-2: Ball
1-2: Ball
2-2: TRIPLE (Flyball, 78XD, EV 108.8 MPH)
Jeffrey Turner scores
Batting: RHB John Warren 0-0: Ball
1-0: Fly out, F6 (Popup, 56, EV 69.4 MPH)
Batting: LHB Enrico Flores 0-0: Ball
1-0: Ball
2-0: Ball
3-0: Base on Balls
Batting: RHB Art Hensley 0-0: Ball
1-0: Ball
2-0: Foul Ball, location: 2F
2-1: Ball
3-1: Foul Ball, location: 2F
3-2: Ground out 4-3 (Groundball, 34D, EV 98.8 MPH)
Bottom of the 5th over - 1 run, 2 hits, 0 errors, 2 left on base; Ogallala 0 - Northwest Territory 1
TOP OF THE 6TH
Ogallala Octopi batting - Pitching for Northwest Territory Beavers : RHP Rob Bates
Batting: RHB Bill Uttley 0-0: Ball
1-0: Ball
2-0: Ball
3-0: Called Strike
3-1: Ground out 4-3 (Groundball, 4, EV 78.8 MPH)
Batting: RHB Jim Kelley 0-0: Ground out 4-3 (Groundball, 34, EV 105.0 MPH)
Batting: LHB Jamie Padgett 0-0: Called Strike
0-1: Ball
1-1: Ball
2-1: SINGLE (Groundball, 34D, EV 105.0 MPH)
Batting: RHB Joong Chuang 0-0: Foul Ball, location: 2F
0-1: Ball
1-1: Ball
2-1: Ball
Jamie Padgett is caught stealing 2nd base 2-4
Top of the 6th over - 0 runs, 1 hit, 0 errors, 0 left on base; Ogallala 0 - Northwest Territory 1
BOTTOM OF THE 6TH
Northwest Territory Beavers batting - Pitching for Ogallala Octopi : RHP Carlos Piñeiro
Batting: RHB Rich Kelley 0-0: Ball
1-0: Ball
2-0: Ball
3-0: Base on Balls
Pitching: RHP Clayton Horne
Batting: RHB Bang-xao Li 0-0: Called Strike
Rich Kelley steals 2nd base
0-1: Fly out, F8 (Flyball, 89M, EV 83.1 MPH)
Batting: LHB Fernan Espinoza 0-0: Ball
1-0: Swinging Strike
1-1: Foul Ball, location: 2F
1-2: Strikes out swinging, 2-3 out at first.
Batting: RHB Bartolo Cortéz 0-0: Ball
1-0: Ground out 1-3 (Groundball, 34S, EV 67.5 MPH)
Bottom of the 6th over - 0 runs, 0 hits, 0 errors, 1 left on base; Ogallala 0 - Northwest Territory 1
TOP OF THE 7TH
Ogallala Octopi batting - Pitching for Northwest Territory Beavers : RHP Rob Bates
Batting: RHB Joong Chuang 0-0: Called Strike
0-1: Ball
1-1: Foul Ball, location: 2F
1-2: Foul Ball, location: 2F
1-2: DOUBLE (Line Drive, 89D, EV 108.8 MPH)
Batting: LHB Derrek Guthrie 0-0: Foul Ball, location: 2F
0-1: Ball
1-1: Ball
2-1: Ball
3-1: Foul Ball, location: 2F
3-2: Base on Balls
Batting: RHB Martin Mullinger 0-0: SINGLE (Line Drive, 89M, EV 96.2 MPH)
Joong Chuang to third
Derrek Guthrie to second
Batting: RHB Roy Berriman 0-0: Called Strike
0-1: Swinging Strike
0-2: Ball
1-2: Strikes out swinging
Pitching: RHP Marlon Harris
Batting: RHB Sonny Day 0-0: Foul Ball, location: 2F
0-1: Called Strike
0-2: Strikes out swinging
Batting: SHB Lyonya Wanyushin 0-0: Ball
1-0: Ball
Wild Pitch!
Joong Chuang scores
Derrek Guthrie to third
Martin Mullinger to second
2-0: Ball
3-0: Called Strike
3-1: Base on Balls
Batting: RHB Bill Uttley 0-0: Called Strike
0-1: Foul Ball, location: 2F
0-2: Foul Ball, location: 2F
0-2: Strikes out swinging
Top of the 7th over - 1 run, 2 hits, 0 errors, 3 left on base; Ogallala 1 - Northwest Territory 1
BOTTOM OF THE 7TH
Northwest Territory Beavers batting - Pitching for Ogallala Octopi : RHP Clayton Horne
Batting: RHB Jeffrey Turner 0-0: Ball
1-0: Called Strike
1-1: Fly out, F9 (Flyball, 89M, EV 90.6 MPH)
Batting: RHB Rodrigo Martínez 0-0: Called Strike
0-1: Ground out 4-3 (Groundball, 4, EV 80.0 MPH)
Batting: RHB John Warren 0-0: Called Strike
0-1: Ball
1-1: Ball
2-1: Foul Ball, location: 2F
2-2: Foul Ball, location: 2F
2-2: Fly out, F6 (Popup, 56, EV 59.4 MPH)
Bottom of the 7th over - 0 runs, 0 hits, 0 errors, 0 left on base; Ogallala 1 - Northwest Territory 1
TOP OF THE 8TH
Ogallala Octopi batting - Pitching for Northwest Territory Beavers : RHP Marlon Harris
Batting: RHB Jim Kelley 0-0: Called Strike
0-1: Foul Ball, location: 2F
0-2: Strikes out swinging
Batting: LHB Jamie Padgett 0-0: Called Strike
0-1: Fly out, F9 (Flyball, 89S, EV 75.6 MPH)
Batting: RHB Joong Chuang 0-0: Called Strike
0-1: Called Strike
0-2: Ball
1-2: Foul Ball, location: 2F
1-2: Ball
2-2: Strikes out swinging
Top of the 8th over - 0 runs, 0 hits, 0 errors, 0 left on base; Ogallala 1 - Northwest Territory 1
BOTTOM OF THE 8TH
Northwest Territory Beavers batting - Pitching for Ogallala Octopi : RHP Clayton Horne
Batting: LHB Enrico Flores 0-0: Called Strike
0-1: Ball
1-1: Called Strike
1-2: Foul Ball, location: 2F
1-2: Foul Ball, location: 2F
1-2: Fly out, F9 (Flyball, 9, EV 77.5 MPH)
Batting: RHB Art Hensley 0-0: Ball
1-0: Foul Ball, location: 2F
1-1: Fly out, F2 (Popup, 23F, EV 86.2 MPH)
Batting: RHB Rich Kelley 0-0: Called Strike
0-1: Swinging Strike
0-2: Foul Ball, location: 2F
0-2: Ball
1-2: Ball
2-2: Ball
3-2: SOLO HOME RUN (Line Drive, 7LD, EV 100.0 MPH), Distance : 340 ft
Batting: RHB Bang-xao Li 0-0: Foul Ball, location: 2F
0-1: Ball
1-1: Called Strike
1-2: Strikes out swinging
Bottom of the 8th over - 1 run, 1 hit, 0 errors, 0 left on base; Ogallala 1 - Northwest Territory 2
TOP OF THE 9TH
Ogallala Octopi batting - Pitching for Northwest Territory Beavers : RHP Marlon Harris
Pitching: RHP Claude Richardson
Batting: LHB Derrek Guthrie 0-0: Ball
1-0: Foul Ball, location: 2F
1-1: SINGLE (Line Drive, 6MD, EV 98.8 MPH)
Batting: RHB Martin Mullinger 0-0: Called Strike
0-1: Foul Ball, location: 2F
0-2: Ball
1-2: Foul Ball, location: 2F
1-2: Fielders Choice at 2nd, 4-6 (Groundball, 4, EV 100.6 MPH)
Batting: RHB Roy Berriman 0-0: Called Strike
0-1: Foul Ball, location: 2F
0-2: Ball
1-2: Strikes out looking
Batting: RHB Sonny Day 0-0: Foul Ball, location: 2F
0-1: Called Strike
0-2: Ball
1-2: Ball
2-2: Strikes out swinging
Top of the 9th over - 0 runs, 1 hit, 0 errors, 1 left on base; Ogallala 1 - Northwest Territory 2
Tuesday, January 5th, 2021 - OOTP Baseball 20.8 Build 74